 Dungeon Sprint DCSS version 0.16-a0-3841-g2612308 (console) character file.

22667 Monkaria the Executioner (level 13, -7/114 (116) HPs)
             Began as a Hill Orc Fighter on Jan 30, 2015.
             Was the Champion of Makhleb.
             Mangled by a ghoul (13 damage)
             ... in the Dungeon (Sprint V: "Ziggurat Sprint").
             The game lasted 00:20:06 (1560 turns).

Monkaria the Executioner (Hill Orc Fighter)         Turns: 1560, Time: 00:20:07

HP:   -7/114 (116)  AC: 27    Str: 36      XL:     13   Next: 1%
MP:   27/27         EV:  8    Int:  4 (8)  God:    Makhleb [******]
Gold: 0             SH:  0    Dex: 10      Spells: 0 memorised, 12 levels left

rFire  + . .     SeeInvis .     N - +5 executioner's axe (flame)
rCold  + . .     Clarity  .     m - +5 gold dragon armour
rNeg   . . .     SustAb   .     (no shield)
rPois  +         Gourm    .     (helmet restricted)
rElec  .         Spirit   .     (no cloak)
rCorr  .         Warding  .     (no gloves)
rMut   .         NoTele   +     (no boots)
MR     +....                    (no amulet)
Stlth  ..........               B - +6 ring of strength
                                C - +6 ring of strength

@: non-regenerating, rotting, diseased, studying Bows, somewhat resistant to
hostile enchantments, extremely unstealthy
A: hooves 1, horns 1, blurry vision 1, low mp 1, magic resistance 1
a: Minor Destruction, Lesser Servant of Makhleb, Major Destruction, Greater
Servant of Makhleb, Renounce Religion


You were in the Dungeon.
You worshipped Makhleb.
Makhleb was exalted by your worship.
You were not hungry.

You visited 1 branch

Inventory:

Hand weapons
 N - a +5 executioner's axe of flaming (weapon)
 R - the +15 heavy crossbow "Sniper" {velocity, SInv}
   (You found it in the Dungeon)

   Any bolt fired from it inflicts extra damage.
   It enhances your eyesight.
 S - the +14 obsidian axe {chop, +Fly Str+3 SInv Curse}
   (You found it in the Dungeon)

   It inflicts extra damage upon your enemies.
   It affects your strength (+3).
   It enhances your eyesight.
   It lets you fly.
   It may recurse itself when equipped.
 U - the +0 Sword of Power
   (You found it in the Dungeon)
 V - the cursed +9 Sword of Zonguldrok {reap, Curse}
   (You found it in the Dungeon)

   If a monster killed with it leaves a corpse in good enough shape, the corpse
   will be animated as a zombie friendly to the killer.
   It may recurse itself when equipped.
   It has a curse placed upon it.
 W - the +14 plutonium sword {Contam Stlth-}
   (You found it in the Dungeon)

   It causes magical contamination when unequipped.
   It makes you less stealthy.
Missiles
 P - 1000 bolts
Armour
 m - a +5 gold dragon armour (worn)
 T - the +18 shield of the gong {rElec rN+ MR+ EV-5}
   (You found it in the Dungeon)

   It affects your evasion (-5).
   It insulates you from electricity.
   It protects you from negative energy.
   It affects your resistance to hostile enchantments.
Rods
 Y - a +5 rod of clouds (9/9)
   (You found it in the Dungeon)
Jewellery
 b - the cursed ring of the Assorted Wars {+Fly Str+4 Int+4 Dex-3 Stlth-}
   (You found it in the Dungeon)

   [ring of dexterity]

   It affects your strength (+4).
   It affects your intelligence (+4).
   It affects your dexterity (-3).
   It lets you fly.
   It makes you less stealthy.
   It has a curse placed upon it.
 r - the ring of Khalib {rF+ Dex+4 Stlth+}
   (You found it in the Dungeon)

   [ring of stealth]

   It affects your dexterity (+4).
   It protects you from fire.
   It makes you more stealthy.
 x - the ring of Shaolin {EV+8}
   (You took it off a vampire mage in the Dungeon)

   [ring of evasion]

   It affects your evasion (+8).
 B - a +6 ring of strength (right hand)
 C - a +6 ring of strength (left hand)
 X - the ring "Waawex" {rElec rPois+ rN+ Str-3}
   (You found it in the Dungeon)

   [ring of poison resistance]

   It affects your strength (-3).
   It insulates you from electricity.
   It protects you from poison.
   It protects you from negative energy.
Magical devices
 t - a wand of disintegration (4)
 u - a wand of fire (5)
 v - a wand of cold (4)
 w - a wand of draining (5)
Scrolls
 k - 3 scrolls of blinking
 A - a scroll of brand weapon
 G - 4 scrolls of amnesia
 H - 3 scrolls of recharging
 I - 7 scrolls of fog
 J - a scroll of holy word
 K - 5 scrolls of identify
 L - 4 scrolls of remove curse
 M - 2 scrolls of fear
Potions
 e - 5 potions of might
 f - 9 potions of curing
 g - 6 potions of heal wounds
 h - 5 potions of haste
 i - 7 potions of magic
 j - 3 potions of berserk rage
 o - 2 potions of invisibility
 p - 2 potions of restore abilities
 q - 4 potions of resistance
 s - 5 potions of agility
 y - 2 potions of brilliance
Books
 z - a manual of Bows
Miscellaneous
 a - a box of beasts {used: 1}
 c - a lantern of shadows
 n - a phantom mirror
 D - a disc of storms
 O - a sack of spiders {used: 1}
 Z - a box of beasts
Comestibles
 d - 5 meat rations
 E - 42 fruits
 F - 4 bread rations
 Q - 2 royal jellies


   Skills:
 - Level 11.4 Fighting
 + Level 23.7 Axes
 - Level 19.0 Armour
 - Level 3.2 Shields
 - Level 16.3 Invocations
 - Level 11.6 Evocations


You had 12 spell levels left.
You didn't know any spells.

Dungeon Overview and Level Annotations

Branches:
Dungeon (1/1)

Altars:
Ashenzari
Cheibriados
Dithmenos
Elyvilon
Fedhas
Gozag
Kikubaaqudgha
Makhleb
Nemelex Xobeh
Okawaru
Qazlal
Ru
Sif Muna
Trog
Vehumet
Xom
Yredelemnul
Zin
The Shining One
Beogh
Jiyva
Lugonu


Innate Abilities, Weirdness & Mutations

You have large cloven feet.
You have a pair of small horns on your head.
Scrolls take you a little longer to read.
Your magical capacity is low (-10% MP).
You are resistant to hostile enchantments.


Message History

The wight hits you but does no damage. The shadow hits you.
The wight hits you but does no damage.
The adder zombie bites you but does no damage.
Drink which item? (? for menu, Esc to quit)
You feel much better. Something hits you.
* * * LOW HITPOINT WARNING * * *
The ghoul hits you!
* * * LOW HITPOINT WARNING * * *
The ghoul claws you.
* * * LOW HITPOINT WARNING * * *
The adder zombie bites you but does no damage.
The shadow closely misses you. The wight barely misses you.
The wight hits you but does no damage.
Unknown command.
Read which item? (? for menu, Esc to quit)
Something hits you but does no damage. The ghoul hits you!
* * * LOW HITPOINT WARNING * * *
You feel ill.
You feel your flesh rotting away!
You feel your flesh rotting away! The ghoul claws you!
You die...

8.. ▓.8©8.▓.8©8.
:}[=}}..▓▓..=..▓.)[..
|:))::[..▓▓.....▓..4..
..........▓▓.....▓.....
...........▓▓.....▓.....
▓...........▓▓.....▓.....
▓.........z.▓▓.....▓.....
▓......Zz.{.▓▓▓▓▓▓▓▓▓▓▓▓▓
▓..▓...W@▓..▓..8©8...▓..8
▓.......n†..▓..:.....▓..|
▓...........▓.=.|....▓...
▓▓▓▓▓▓▓▓▓▓▓▓▓........▓...
▓.≈..8©8....▓...†....▓...
▓.≈[=)≈)≈)..▓.▓....▓.▓.▓.
▓..≈}[[))≈..▓........▓...
▓.≈......≈≈.▓▓▓▓▓▓▓▓▓▓▓▓▓
▓...≈...≈.≈≈▓...8©8...▓..


You could see a ghoul, a shadow, 2 wights and an adder zombie.

Vanquished Creatures
  A lich (D)
  A kraken (D)
  A vampire knight (D)
  A merfolk impaler (D)
  2 merfolk avatars (D)
  A satyr (D)
  A vampire mage (D)
  A soul eater (D)
  2 skeletal warriors (D)
  An orb spider (D)
  3 manticores (D)
  An anubis guard (D)
  2 necromancers (D)
  A water nymph (D)
  A cyclops (D)
  4 ugly things (D)
  2 shining eyes (D)
  A smoke demon (D)
  A black mamba (D)
  An eye of devastation (D)
  A spiny frog (D)
  A guardian mummy (D)
  2 merfolk (D)
  2 jumping spiders (D)
  A basilisk (shapeshifter) (D)
  A slime creature (D)
  A snapping turtle (D)
  A boulder beetle (D)
  A raven (shapeshifter) (D)
  6 spriggans (D)
  A trapdoor spider (D)
  A flying skull (D)
  6 shadows (D)
  A tarantella (D)
  A redback (D)
  A wolf (D)
  A golden eye (D)
  A neqoxec (D)
  A water moccasin (shapeshifter) (D)
  3 wasps (D)
  2 necrophages (D)
  An eye of draining (D)
  2 phantoms (D)
  2 black bears (D)
  A boggart (shapeshifter) (D)
  2 giant frogs (D)
  4 wights (D)
  2 jellies (D)
  A hound (D)
  2 iguanas (D)
  3 sheep (D)
  2 mummies (D)
  An adder (D)
  A shadow imp (D)
  A white imp (D)
  2 adder zombies (D)
  6 bat zombies (D)
  3 ball pythons (D)
  2 ball python zombies (D)
  A giant cockroach zombie (D)
  2 jackal zombies (D)
  A quokka zombie (D)
  3 tentacles (D)
110 creatures vanquished.

Vanquished Creatures (collateral kills)
  An Executioner (D)
  A hydra (D)
  A vampire mage (D)
  A moth of wrath (D)
  A shadow (D)
  A basilisk (D)
  A neqoxec (D)
  2 quasits (D)
  An iron imp (D)
10 creatures vanquished.

Vanquished Creatures (others)
  A soul eater (D)
  2 trapdoor spiders (D)
  A neqoxec (D)
  A chimera (D)
  5 tentacles (D)
  419 tentacle segments (D)
429 creatures vanquished.

Grand Total: 549 creatures vanquished

Notes
Turn   | Place    | Note
--------------------------------------------------------------
     0 | D        | Monkaria, the Hill Orc Fighter, began the quest for the Orb.
     0 | D        | Reached XP level 1. HP: 19/19 MP: 1/1
     0 | D        | Found a basalt altar of Yredelemnul.
     0 | D        | Found an iron altar of Okawaru.
     3 | D        | Found a radiant altar of Vehumet.
     3 | D        | Found a shimmering altar of Xom.
     4 | D        | Found a burning altar of Makhleb.
     5 | D        | Found a corrupted altar of Lugonu.
     6 | D        | Found a viscous altar of Jiyva.
     6 | D        | Found a white marble altar of Elyvilon.
     8 | D        | Found a sparkling altar of Nemelex Xobeh.
     8 | D        | Found a deep blue altar of Sif Muna.
    10 | D        | Found a bloodstained altar of Trog.
    90 | D        | Reached skill level 6 in Fighting
    90 | D        | Reached skill level 8 in Axes
    90 | D        | Reached XP level 2. HP: 23/30 MP: 2/2
    97 | D        | Became a worshipper of Makhleb the Destroyer
   162 | D        | Entered arena 1.
   162 | D        | Noticed a phantom
   162 | D        | Noticed a wight
   165 | D        | Killed a phantom
   165 | D        | Reached skill level 11 in Axes
   165 | D        | Reached XP level 3. HP: 34/40 MP: 3/3
   165 | D        | Reached XP level 4. HP: 40/48 MP: 4/4
   166 | D        | Killed a wight
   166 | D        | Reached XP level 5. HP: 45/56 MP: 5/5
   173 | D        | Entered arena 2.
   173 | D        | Noticed a water moccasin
   173 | D        | Noticed a human
   173 | D        | Noticed a boggart
   174 | D        | Noticed a basilisk
   174 | D        | a human changed into a basilisk
   176 | D        | Killed a boggart
   176 | D        | Acquired Makhleb's first power
   176 | D        | Reached skill level 12 in Axes
   178 | D        | Killed a basilisk
   178 | D        | Reached skill level 10 in Fighting
   178 | D        | Reached skill level 14 in Axes
   178 | D        | Reached XP level 6. HP: 51/67 MP: 6/6
   180 | D        | Killed a water moccasin
   180 | D        | Acquired Makhleb's second power
   180 | D        | Reached skill level 15 in Axes
   180 | D        | Reached XP level 7. HP: 60/74 MP: 7/7
   190 | D        | Entered arena 3.
   190 | D        | Noticed a phantom
   193 | D        | Killed a phantom
   195 | D        | Acquired Makhleb's third power
   200 | D        | Got the ring of Khalib {rF+ Dex+4 Stlth+}
   203 | D        | Got the ring "Doryc" {MR+ MP+9 Slay+3}
   211 | D        | Entered arena 4.
   216 | D        | Acquired Makhleb's fourth power
   236 | D        | Entered arena 5.
   236 | D        | Noticed a guardian mummy
   236 | D        | Noticed a flying skull
   236 | D        | Noticed an anubis guard
   239 | D        | Killed a flying skull
   241 | D        | Killed an anubis guard
   241 | D        | Reached XP level 8. HP: 65/82 MP: 7/22
   242 | D        | Acquired Makhleb's fifth power
   245 | D        | Killed a guardian mummy
   253 | D        | Got the ring "Waawex" {rElec rPois+ rN+ Str-3}
   396 | D        | Entered arena 6.
   396 | D        | Noticed a basilisk
   396 | D        | Noticed a four-headed hydra
   396 | D        | Noticed a hound
   396 | D        | Noticed a spiny frog
   399 | D        | Killed a hound
   402 | D        | Killed a spiny frog
   402 | D        | Reached XP level 9. HP: 78/89 MP: 23/25
   404 | D        | Killed a four-headed hydra
   404 | D        | Reached skill level 16 in Invocations
   406 | D        | Killed a basilisk
   470 | D        | Entered arena 7.
   470 | D        | Noticed an iguana
   470 | D        | Noticed a giant frog
   470 | D        | Noticed a giant frog
   470 | D        | Noticed a black mamba
   470 | D        | Noticed an iguana
   475 | D        | Killed a black mamba
   475 | D        | Reached skill level 5 in Evocations
   475 | D        | Killed a giant frog
   475 | D        | Noticed a smoke demon
   476 | D        | Killed a giant frog
   477 | D        | Killed an iguana
   478 | D        | Killed an iguana
   479 | D        | Killed a smoke demon
   496 | D        | Identified the Compendium of the Lonely Blessings (You found it in the Dungeon)
   498 | D        | Entered arena 8.
   498 | D        | Noticed an eye of draining
   498 | D        | Noticed a jelly
   498 | D        | Noticed a golden eye
   498 | D        | Noticed a slime creature
   498 | D        | Noticed a shining eye
   498 | D        | Noticed a jelly
   498 | D        | Noticed an eye of devastation
   503 | D        | Killed a jelly
   503 | D        | Killed a jelly
   505 | D        | Gained mutation: Scrolls take you a little longer to read. [a shining eye]
   507 | D        | Killed a shining eye
   512 | D        | Killed a slime creature
   512 | D        | Reached skill level 10 in Evocations
   515 | D        | Killed a golden eye
   515 | D        | Reached XP level 10. HP: 64/96 MP: 15/28
   516 | D        | Killed an eye of devastation
   521 | D        | Killed an eye of draining
   651 | D        | Entered arena 9.
   651 | D        | Noticed a brown ugly thing
   651 | D        | Noticed a neqoxec
   651 | D        | Noticed a purple ugly thing
   651 | D        | Noticed a purple ugly thing
   651 | D        | Noticed a green ugly thing
   651 | D        | Noticed a neqoxec
   651 | D        | Noticed a shining eye
   653 | D        | Gained mutation: Potions and wands are less effective at restoring your health. [a neqoxec]
   655 | D        | Noticed an unseen horror
   657 | D        | an unseen horror changed into a raven
   659 | D        | Killed a cyan ugly thing
   659 | D        | Killed a purple ugly thing
   665 | D        | Gained mutation: Your magical capacity is low (-10% MP). [a shining eye]
   668 | D        | Killed a shining eye
   668 | D        | Reached skill level 10 in Armour
   671 | D        | Killed a neqoxec
   673 | D        | Killed a cyan ugly thing
   676 | D        | Killed a neqoxec
   679 | D        | Killed a cyan ugly thing
   689 | D        | Gained mutation: You are resistant to hostile enchantments. [mutagenic meat]
   690 | D        | Lost mutation: Potions and wands are less effective at restoring your health. [mutagenic meat]
   692 | D        | Gained mutation: You have a pair of small horns on your head. [mutagenic meat]
   693 | D        | Gained mutation: You have large cloven feet. [mutagenic meat]
   715 | D        | Entered arena 10.
   715 | D        | Noticed a black bear
   715 | D        | Noticed a spriggan
   715 | D        | Noticed a spriggan
   715 | D        | Noticed a black bear
   715 | D        | Noticed a spriggan rider
   715 | D        | Noticed a spriggan
   715 | D        | Noticed a spriggan
   715 | D        | Noticed a spriggan
   715 | D        | Noticed a wolf
   717 | D        | Killed a wolf
   717 | D        | Killed a spriggan
   719 | D        | Killed a spriggan
   721 | D        | Killed a black bear
   722 | D        | Killed a spriggan
   722 | D        | Reached XP level 11. HP: 96/102 MP: 26/26
   724 | D        | Killed a black bear
   727 | D        | Killed a spriggan
   730 | D        | Killed a spriggan
   732 | D        | Killed a spriggan rider
   732 | D        | Killed a wasp
   758 | D        | Got the cursed ring of the Assorted Wars {+Fly Str+4 Int+4 Dex-3 Stlth-}
   759 | D        | Entered arena 11.
   759 | D        | Noticed a boulder beetle
   759 | D        | Noticed an orb spider
   759 | D        | Noticed a jumping spider
   759 | D        | Noticed a redback
   759 | D        | Noticed a wasp
   759 | D        | Noticed a moth of wrath
   759 | D        | Noticed a tarantella
   760 | D        | Noticed a wasp
   762 | D        | Noticed a trapdoor spider
   763 | D        | Noticed a jumping spider
   764 | D        | Killed a wasp
   765 | D        | Killed a redback
   766 | D        | Killed a wasp
   771 | D        | Killed a tarantella
   771 | D        | Reached skill level 15 in Armour
   772 | D        | Killed a boulder beetle
   772 | D        | Killed a trapdoor spider
   773 | D        | Noticed a soul eater
   780 | D        | Killed a moth of wrath
   784 | D        | Killed a jumping spider
   785 | D        | Killed a jumping spider
   790 | D        | Killed an orb spider
   793 | D        | Killed a soul eater
  1110 | D        | Entered arena 12.
  1110 | D        | Noticed a necrophage
  1110 | D        | Noticed a lich
  1110 | D        | Noticed a necromancer
  1110 | D        | Noticed a vampire mage
  1111 | D        | Noticed a necromancer
  1111 | D        | Noticed a shadow
  1111 | D        | Noticed an Executioner
  1116 | D        | Killed a vampire mage
  1116 | D        | Reached skill level 17 in Armour
  1117 | D        | Killed an Executioner
  1119 | D        | Killed a necromancer
  1120 | D        | Killed a necrophage
  1124 | D        | Killed a shadow
  1125 | D        | Killed a lich
  1125 | D        | Reached skill level 18 in Armour
  1126 | D        | Killed a necromancer
  1126 | D        | Reached skill level 19 in Armour
  1162 | D        | Entered arena 13.
  1162 | D        | Noticed a skeletal warrior
  1162 | D        | Noticed a shadow
  1162 | D        | Noticed a wight
  1163 | D        | Noticed a vampire knight
  1163 | D        | Noticed a skeletal warrior
  1165 | D        | Noticed a vampire mage
  1166 | D        | Noticed a shadow
  1166 | D        | Noticed a wight
  1169 | D        | Killed a wight
  1170 | D        | Killed a shadow
  1173 | D        | Killed a vampire knight
  1173 | D        | Reached XP level 12. HP: 103/110 MP: 27/27
  1173 | D        | Killed a shadow
  1174 | D        | Killed a skeletal warrior
  1174 | D        | Killed a wight
  1177 | D        | Killed a skeletal warrior
  1178 | D        | Killed a vampire mage
  1233 | D        | Entered arena 14.
  1233 | D        | Noticed a cyclops
  1233 | D        | Noticed a snapping turtle
  1233 | D        | Noticed a kraken
  1234 | D        | Noticed a manticore
  1234 | D        | Noticed a satyr
  1234 | D        | Noticed a manticore
  1235 | D        | Noticed a merfolk impaler
  1236 | D        | Noticed a merfolk
  1236 | D        | Noticed a manticore
  1237 | D        | Noticed a merfolk
  1237 | D        | Noticed a water nymph
  1240 | D        | Noticed a merfolk avatar
  1240 | D        | Identified a +5 rod of clouds (9/9) (You found it in the Dungeon)
  1241 | D        | Noticed a merfolk avatar
  1244 | D        | Killed a manticore
  1244 | D        | Killed a merfolk impaler
  1245 | D        | Killed a manticore
  1245 | D        | Reached skill level 20 in Axes
  1245 | D        | Killed a cyclops
  1245 | D        | Killed a merfolk
  1247 | D        | Killed a satyr
  1248 | D        | Killed a snapping turtle
  1248 | D        | Reached skill level 21 in Axes
  1250 | D        | Killed a water nymph
  1251 | D        | Killed a manticore
  1253 | D        | Killed a merfolk avatar
  1253 | D        | Reached skill level 22 in Axes
  1256 | D        | Killed a merfolk
  1256 | D        | Killed a merfolk avatar
  1269 | D        | Killed a kraken
  1269 | D        | Reached skill level 23 in Axes
  1542 | D        | Entered arena 15.
  1542 | D        | Noticed a ghoul
  1542 | D        | Noticed a shadow
  1542 | D        | Noticed a vampire knight
  1543 | D        | Noticed a necrophage
  1544 | D        | Noticed a wight
  1545 | D        | Noticed a shadow
  1546 | D        | Noticed a shadow
  1546 | D        | Noticed a shadow
  1547 | D        | Noticed a shadow
  1547 | D        | Noticed a wight
  1549 | D        | Noticed a wight
  1549 | D        | Killed a shadow
  1552 | D        | Killed a necrophage
  1552 | D        | Killed a wight
  1552 | D        | Killed a shadow
  1554 | D        | Killed a shadow
  1554 | D        | Reached XP level 13. HP: 82/115 MP: 27/27
  1555 | D        | Killed a shadow
  1560 | D        | Mangled by a ghoul

Action                   |  1- 3 |  4- 6 |  7- 9 | 10-12 | 13-15 || total
-------------------------+-------+-------+-------+-------+-------++-------
Melee: Broad axe         |     2 |     6 |    41 |    76 |       ||   125
       Executioner's axe |       |       |       |    21 |     2 ||    23
Invok: Greater Servant o |       |       |     1 |     3 |       ||     4
Evoke: Wand              |       |       |       |     4 |       ||     4
       Box of beasts     |       |       |       |     1 |       ||     1
       Rod               |       |       |       |     1 |       ||     1
       Sack of spiders   |       |       |       |     1 |       ||     1
  Use: Potion            |     3 |       |       |     8 |     3 ||    14
       Scroll            |       |       |       |     3 |       ||     3
 Stab: Distracted        |       |       |       |     3 |       ||     3
  Eat: Chunk             |       |       |       |     6 |       ||     6
       Royal jelly       |       |       |       |     1 |       ||     1
